TOP OF THE 1ST |
Kennesaw Jets batting - Pitching for Myrtle Beach Seahawks : RHP Sam Mooney
|
Pitching: RHP Sam Mooney
|
|
Batting: RHB Marc Beck
|
0-0: Called Strike 0-1: Swinging Strike 0-2: Foul Ball, location: 2F 0-2: Ball 1-2: Fly out, F2 (Popup, 25F)
|
Batting: RHB Juan Camacho
|
0-0: Ball 1-0: Ground out 5-3 (Groundball, 5)
|
Batting: RHB José Piña
|
Single, Error in OF, E7, batter to second base
|
Batting: LHB Raúl Godines
|
0-0: Ball 1-0: Foul Ball, location: 2F 1-1: Called Strike 1-2: Strikes out swinging
|
Top of the 1st over - 0 run(s), 1 hit(s), 1 error(s), 1 left on base; Kennesaw 0 - Myrtle Beach 0 |
BOTTOM OF THE 1ST |
Myrtle Beach Seahawks batting - Pitching for Kennesaw Jets : RHP Alonso Ruíz
|
Pitching: RHP Alonso Ruíz
|
|
Batting: RHB Thom Beach
|
0-0: Ball 1-0: Ball 2-0: Ball 3-0: Called Strike 3-1: Ground out 5-3 (Groundball, 5)
|
Batting: RHB José Morín
|
0-0: Ball 1-0: Swinging Strike 1-1: Fly out, F6 (Popup, 6D)
|
Batting: RHB Turner Buccigross
|
0-0: Called Strike 0-1: Ball 1-1: Called Strike 1-2: Strikes out swinging
|
Bottom of the 1st over - 0 run(s), 0 hit(s), 0 error(s), 0 left on base; Kennesaw 0 - Myrtle Beach 0 |
TOP OF THE 2ND |
Kennesaw Jets batting - Pitching for Myrtle Beach Seahawks : RHP Sam Mooney
|
Batting: SHB Arnold Bunch
|
0-0: Called Strike 0-1: Ball 1-1: Ball 2-1: Called Strike 2-2: SINGLE (Groundball, 3L)
|
Batting: SHB Buck Bettis
|
0-0: Ball 1-0: Ball 2-0: Ball 3-0: Base on Balls Arnold Bunch to second
|
Batting: RHB Ernesto López
|
0-0: Ball 1-0: Called Strike 1-1: Ball 2-1: Called Strike 2-2: Ball 3-2: Strikes out looking
|
Batting: LHB Daniel Faraday
|
0-0: Ball 1-0: Ball 2-0: Called Strike 2-1: Ball 3-1: Base on Balls Arnold Bunch to third Buck Bettis to second
|
Batting: RHB Ben Simpson
|
0-0: Ball 1-0: Foul Ball, location: 2F 1-1: Foul Ball, location: 2F 1-2: SINGLE (Line Drive, 89S) Arnold Bunch scores Buck Bettis to third Daniel Faraday to second Runner from 3rd tries for Home, SAFE, no throw or cutoff
|
Batting: RHB Marc Beck
|
0-0: Called Strike 0-1: Ground out 4-3 (Groundball, 4M) Daniel Faraday to third Ben Simpson to second
|
Batting: RHB Juan Camacho
|
0-0: Ball 1-0: Ball 2-0: Called Strike 2-1: Ball 3-1: Foul Ball, location: 2F 3-2: Foul Ball, location: 2F 3-2: Foul Ball, location: 2F 3-2: Strikes out swinging
|
Top of the 2nd over - 2 run(s), 2 hit(s), 0 error(s), 2 left on base; Kennesaw 2 - Myrtle Beach 0 |
BOTTOM OF THE 2ND |
Myrtle Beach Seahawks batting - Pitching for Kennesaw Jets : RHP Alonso Ruíz
|
Batting: RHB Juan Báez
|
0-0: Ball 1-0: SINGLE (Flyball, 9LS)
|
Batting: RHB León Sánchez
|
0-0: Swinging Strike 0-1: Swinging Strike 0-2: Ball 1-2: Strikes out swinging
|
Batting: SHB Bill Peterson
|
0-0: Ball 1-0: Fielders Choice at 2nd, 1-6 (Groundball, 13S)
|
Batting: RHB Jim Unknown
|
0-0: Swinging Strike 0-1: Ball 1-1: Foul Ball, location: 2F 1-2: Foul Ball, location: 2F 1-2: Fielders Choice at 2nd, 6-4 (Groundball, 6)
|
Bottom of the 2nd over - 0 run(s), 1 hit(s), 0 error(s), 0 left on base; Kennesaw 2 - Myrtle Beach 0 |
TOP OF THE 3RD |
Kennesaw Jets batting - Pitching for Myrtle Beach Seahawks : RHP Sam Mooney
|
Batting: RHB José Piña
|
0-0: Ball 1-0: Ball 2-0: Called Strike 2-1: Foul Ball, location: 2F 2-2: SINGLE (Groundball, 2L) (infield hit)
|
Batting: LHB Raúl Godines
|
0-0: Called Strike 0-1: Foul Ball, location: 2F 0-2: Strikes out swinging
|
Batting: SHB Arnold Bunch
|
0-0: Foul Ball, location: 2F 0-1: Ball 1-1: Fielders Choice at 2nd, 6-4 (Groundball, 6M)
|
Batting: SHB Buck Bettis
|
0-0: Called Strike 0-1: Hit by Pitch Arnold Bunch to second
|
Batting: RHB Ernesto López
|
0-0: Foul Ball, location: 2F 0-1: Ball 1-1: Ground out 4-3 (Groundball, 4)
|
Top of the 3rd over - 0 run(s), 1 hit(s), 0 error(s), 2 left on base; Kennesaw 2 - Myrtle Beach 0 |
BOTTOM OF THE 3RD |
Myrtle Beach Seahawks batting - Pitching for Kennesaw Jets : RHP Alonso Ruíz
|
Batting: LHB Tae-sang Han
|
0-0: Ball 1-0: Bunted foul 1-1: Swinging Strike 1-2: DOUBLE (Line Drive, 7LM)
|
Batting: LHB Ismael Martínez
|
0-0: Ball 1-0: Called Strike 1-1: SINGLE (Line Drive, 56) Tae-sang Han to third
|
Batting: RHB Thom Beach
|
0-0: Fly out, F2 (Popup, 25F)
|
Batting: RHB José Morín
|
0-0: Ball 1-0: Called Strike 1-1: Ball 2-1: Called Strike 2-2: Strikes out swinging
|
Batting: RHB Turner Buccigross
|
0-0: Ball 1-0: SINGLE (Groundball, 6M) Tae-sang Han scores Ismael Martínez to second
|
Batting: RHB Juan Báez
|
0-0: Swinging Strike 0-1: Ball 1-1: Ball 2-1: Swinging Strike 2-2: Ball Error on foul ball, E9 3-2: Foul Ball, location: 2F 3-2: Fly out, F7 (Flyball, 7S)
|
Bottom of the 3rd over - 1 run(s), 3 hit(s), 1 error(s), 2 left on base; Kennesaw 2 - Myrtle Beach 1 |
TOP OF THE 4TH |
Kennesaw Jets batting - Pitching for Myrtle Beach Seahawks : RHP Sam Mooney
|
Batting: LHB Daniel Faraday
|
0-0: Ball 1-0: Foul Ball, location: 2F 1-1: Fly out, F8 (Line Drive, 8RM)
|
Batting: RHB Ben Simpson
|
0-0: Ball 1-0: Ball 2-0: Swinging Strike 2-1: Ground out 5-3 (Groundball, 56)
|
Batting: RHB Marc Beck
|
0-0: Ball 1-0: Ball 2-0: Foul Ball, location: 2F 2-1: Swinging Strike 2-2: Strikes out swinging
|
Top of the 4th over - 0 run(s), 0 hit(s), 0 error(s), 0 left on base; Kennesaw 2 - Myrtle Beach 1 |
BOTTOM OF THE 4TH |
Myrtle Beach Seahawks batting - Pitching for Kennesaw Jets : RHP Alonso Ruíz
|
Batting: RHB León Sánchez
|
0-0: Ball 1-0: Ground out 4-3 (Groundball, 34)
|
Batting: SHB Bill Peterson
|
0-0: Ground out 4-3 (Groundball, 4)
|
Batting: RHB Jim Unknown
|
0-0: Ground out 6-3 (Groundball, 6)
|
Bottom of the 4th over - 0 run(s), 0 hit(s), 0 error(s), 0 left on base; Kennesaw 2 - Myrtle Beach 1 |
TOP OF THE 5TH |
Kennesaw Jets batting - Pitching for Myrtle Beach Seahawks : RHP Sam Mooney
|
Batting: RHB Juan Camacho
|
0-0: Swinging Strike 0-1: Ball 1-1: Ball 2-1: Called Strike 2-2: Foul Ball, location: 2F 2-2: Ground out 1-3 (Groundball, 23)
|
Pitching: RHP Germán Romo
|
|
Batting: RHB José Piña
|
0-0: Ball 1-0: Ball 2-0: Called Strike 2-1: Ground out 5-3 (Groundball, 5)
|
Batting: LHB Raúl Godines
|
0-0: Called Strike 0-1: Called Strike 0-2: Foul Ball, location: 2F 0-2: Strikes out swinging
|
Top of the 5th over - 0 run(s), 0 hit(s), 0 error(s), 0 left on base; Kennesaw 2 - Myrtle Beach 1 |
BOTTOM OF THE 5TH |
Myrtle Beach Seahawks batting - Pitching for Kennesaw Jets : RHP Alonso Ruíz
|
Batting: LHB Tae-sang Han
|
0-0: Called Strike 0-1: Foul Ball, location: 2F 0-2: SINGLE (Line Drive, 4MD)
|
Batting: LHB Ismael Martínez
|
0-0: Ball 1-0: Bunted foul 1-1: Bunted foul 1-2: Fly out, F8 (Line Drive, 8RM)
|
Batting: RHB Thom Beach
|
0-0: Called Strike 0-1: Ball 1-1: Ball 2-1: Swinging Strike 2-2: Ball 3-2: Base on Balls Tae-sang Han to second
|
Batting: RHB José Morín
|
0-0: Called Strike 0-1: Ball 1-1: SINGLE (Groundball, 56D) Tae-sang Han to third Thom Beach to second Runner from 3rd tries for Home, SAFE, throw made home Thom Beach to third José Morín to second
|
Batting: RHB Turner Buccigross
|
0-0: Called Strike 0-1: Ball 1-1: Ball Wild Pitch! Thom Beach scores José Morín to third 2-1: Fly out, F9 (Flyball, 89M) Runner from 3rd tags up, SCORES, no throw
|
Batting: RHB Juan Báez
|
0-0: Ball 1-0: Foul Ball, location: 2F 1-1: Foul Ball, location: 2F 1-2: Strikes out looking
|
Bottom of the 5th over - 3 run(s), 2 hit(s), 0 error(s), 0 left on base; Kennesaw 2 - Myrtle Beach 4 |
TOP OF THE 6TH |
Kennesaw Jets batting - Pitching for Myrtle Beach Seahawks : RHP Germán Romo
|
Batting: SHB Arnold Bunch
|
0-0: Called Strike 0-1: SINGLE (Line Drive, 8LS)
|
Batting: SHB Buck Bettis
|
0-0: Bunted foul 0-1: Sac Bunt - play at first, batter OUT! 5-4 Arnold Bunch to second
|
Batting: RHB Ernesto López
|
0-0: Foul Ball, location: 2F 0-1: Called Strike 0-2: Ball 1-2: Ball 2-2: Strikes out swinging
|
Batting: LHB Daniel Faraday
|
0-0: Foul Ball, location: 2F 0-1: Ball 1-1: Ball 2-1: Foul Ball, location: 2F 2-2: Ball Wild Pitch! Arnold Bunch to third 3-2: Strikes out swinging
|
Top of the 6th over - 0 run(s), 1 hit(s), 0 error(s), 1 left on base; Kennesaw 2 - Myrtle Beach 4 |
BOTTOM OF THE 6TH |
Myrtle Beach Seahawks batting - Pitching for Kennesaw Jets : RHP Alonso Ruíz
|
Batting: RHB León Sánchez
|
0-0: Ball 1-0: Ball 2-0: Called Strike 2-1: Swinging Strike 2-2: Foul Ball, location: 2F 2-2: Ball 3-2: Base on Balls
|
Batting: SHB Bill Peterson
|
0-0: Sac Bunt - play at first, batter OUT! 1-3 León Sánchez to second
|
Batting: RHB Jim Unknown
|
0-0: Ball 1-0: Called Strike 1-1: Ball 2-1: Ball 3-1: Called Strike 3-2: Fly out, F8 (Flyball, 8RXD) Runner from 2nd tags up, SAFE at 3rd, no throw
|
Batting: LHB Tae-sang Han
|
0-0: Ball 1-0: Foul Ball, location: 2F 1-1: Ball 2-1: Ball 3-1: Base on Balls
|
Batting: LHB Ismael Martínez
|
0-0: Ball 1-0: Fly out, F3 (Popup, 13)
|
Bottom of the 6th over - 0 run(s), 0 hit(s), 0 error(s), 2 left on base; Kennesaw 2 - Myrtle Beach 4 |
TOP OF THE 7TH |
Kennesaw Jets batting - Pitching for Myrtle Beach Seahawks : RHP Germán Romo
|
Batting: RHB Ben Simpson
|
0-0: Called Strike 0-1: Foul Ball, location: 2F 0-2: Ball 1-2: Foul Ball, location: 2F 1-2: Ball 2-2: Ball 3-2: Foul Ball, location: 2F 3-2: Strikes out swinging
|
Batting: RHB Marc Beck
|
0-0: Swinging Strike 0-1: Ball 1-1: Ball 2-1: Ground out 5-3 (Groundball, 56)
|
Batting: RHB Juan Camacho
|
0-0: Ball 1-0: Foul Ball, location: 2F 1-1: SINGLE (Flyball, 78M)
|
Batting: RHB José Piña
|
0-0: Ball 1-0: SINGLE (Groundball, 6MD) Juan Camacho to second
|
Pinch Hitting: LHB Jim Unknown
|
0-0: Called Strike 0-1: Foul Ball, location: 2F 0-2: Ball 1-2: Ball 2-2: Foul Ball, location: 2F 2-2: Ball 3-2: Base on Balls Juan Camacho to third José Piña to second
|
Batting: SHB Arnold Bunch
|
0-0: Ball 1-0: Ball Wild Pitch! Juan Camacho scores José Piña to third Jim Unknown to second 2-0: Called Strike 2-1: Foul Ball, location: 2F 2-2: Strikes out swinging
|
Top of the 7th over - 1 run(s), 2 hit(s), 0 error(s), 2 left on base; Kennesaw 3 - Myrtle Beach 4 |
BOTTOM OF THE 7TH |
Myrtle Beach Seahawks batting - Pitching for Kennesaw Jets : RHP Alonso Ruíz
|
Now at 3B: Abraham Buscher
|
|
Batting: RHB Thom Beach
|
0-0: Ball 1-0: Ball 2-0: Foul Ball, location: 2F 2-1: Ball 3-1: Called Strike 3-2: Foul Ball, location: 2F 3-2: Base on Balls
|
Pinch Hitting: RHB César Villarreal
|
0-0: Bunted foul 0-1: Ball 1-1: Reached on error, E1 (Groundball, 13S) Thom Beach to second
|
Pinch Hitting: LHB Ramón Castro
|
0-0: Ball 1-0: Called Strike 1-1: Foul Ball, location: 2F 1-2: Ball 2-2: Fly out, F7 (Flyball, 7M)
|
Pitching: RHP Dan Miller
|
|
Batting: RHB Juan Báez
|
0-0: Called Strike 0-1: Grounds into double play, 1-6-3 (Groundball, 23)
|
Bottom of the 7th over - 0 run(s), 0 hit(s), 1 error(s), 1 left on base; Kennesaw 3 - Myrtle Beach 4 |
TOP OF THE 8TH |
Kennesaw Jets batting - Pitching for Myrtle Beach Seahawks : RHP Germán Romo
|
Pitching: LHP Bartolo Pérez
|
|
Now at SS: Ramón Castro
|
|
Now in LF: César Villarreal
|
|
Batting: SHB Buck Bettis
|
0-0: Foul Ball, location: 2F 0-1: SINGLE (Groundball, 6MD)
|
Pitching: RHP Jack Ward
|
|
Batting: RHB Ernesto López
|
0-0: Bunted foul 0-1: Sac Bunt - play at first, batter OUT! 1-4 Buck Bettis to second
|
Pitching: LHP William Sellers
|
|
Pinch Hitting: RHB Jim Unknown
|
0-0: Ball 1-0: Ball 2-0: Foul Ball, location: 2F 2-1: Swinging Strike 2-2: Ball 3-2: Foul Ball, location: 2F 3-2: Foul Ball, location: 2F 3-2: Base on Balls
|
Pitching: RHP Salvador Ramos
|
|
Pinch Hitting: RHB Jim Unknown
|
0-0: Sac Bunt - play at first, batter OUT! 1-4 Buck Bettis to third Jim Unknown to second
|
Batting: RHB Marc Beck
|
0-0: Called Strike 0-1: Called Strike 0-2: Foul Ball, location: 2F 0-2: Ball 1-2: Ball 2-2: Strikes out looking
|
Top of the 8th over - 0 run(s), 1 hit(s), 0 error(s), 2 left on base; Kennesaw 3 - Myrtle Beach 4 |
BOTTOM OF THE 8TH |
Myrtle Beach Seahawks batting - Pitching for Kennesaw Jets : RHP Dan Miller
|
Now at 2B: Jim Unknown
|
|
Now at 3B: Jim Unknown
|
|
Batting: RHB León Sánchez
|
0-0: Foul Ball, location: 2F 0-1: Ball 1-1: Foul Ball, location: 2F 1-2: Ball 2-2: Strikes out swinging
|
Batting: SHB Bill Peterson
|
0-0: Swinging Strike 0-1: Ball 1-1: Foul Ball, location: 2F 1-2: Ball 2-2: Strikes out swinging
|
Batting: RHB Jim Unknown
|
0-0: Ball 1-0: Ball 2-0: Ball 3-0: Base on Balls
|
Batting: LHB Tae-sang Han
|
0-0: SINGLE (Groundball, 34D) Jim Unknown to second Jim Unknown to third
|
Batting: LHB Ismael Martínez
|
0-0: Foul Ball, location: 2F 0-1: Ball 1-1: Ball 2-1: SINGLE (Line Drive, 9LS) Jim Unknown scores Tae-sang Han to second Runner from 2nd tries for 3rd, SAFE, no throw or cutoff
|
Batting: RHB Thom Beach
|
0-0: Ball 1-0: Foul Ball, location: 2F 1-1: Called Strike 1-2: Ball 2-2: Strikes out swinging
|
Bottom of the 8th over - 1 run(s), 2 hit(s), 0 error(s), 2 left on base; Kennesaw 3 - Myrtle Beach 5 |
TOP OF THE 9TH |
Kennesaw Jets batting - Pitching for Myrtle Beach Seahawks : RHP Salvador Ramos
|
Pitching: LHP Dewey Curcio
|
|
Batting: RHB Juan Camacho
|
0-0: Ball 1-0: Called Strike 1-1: SOLO HOME RUN (Flyball, 7D), Distance : 411 ft
|
Batting: RHB José Piña
|
0-0: Ball 1-0: Ball 2-0: Called Strike 2-1: Ball 3-1: Base on Balls
|
Pinch Hitting: RHB Elliot Alderson
|
0-0: Called Strike 0-1: Ball 1-1: Ball 2-1: Ball Wild Pitch! José Piña to second 3-1: Base on Balls
|
Batting: SHB Arnold Bunch
|
0-0: Ball 1-0: Swinging Strike 1-1: Fly out, F7 (Line Drive, 78S)
|
Pinch Hitting: RHB Carlos León
|
0-0: SINGLE (Groundball, 56D) José Piña to third Elliot Alderson to second
|
Batting: RHB Ernesto López
|
0-0: Ball 1-0: Fly out, F8 (Flyball, 8RS)
|
Batting: RHB Jim Unknown
|
0-0: Called Strike 0-1: DOUBLE (Flyball, 7LD) José Piña scores Elliot Alderson scores Carlos León to third
|
Pitching: RHP Shu-yen Chia
|
|
Batting: RHB Jim Unknown
|
0-0: Called Strike 0-1: Called Strike 0-2: Ball 1-2: Foul Ball, location: 2F 1-2: Ball 2-2: Foul Ball, location: 2F 2-2: Ball 3-2: Foul Ball, location: 2F 3-2: Foul Ball, location: 2F 3-2: Fly out, F6 (Popup, 6D)
|
Top of the 9th over - 3 run(s), 3 hit(s), 0 error(s), 2 left on base; Kennesaw 6 - Myrtle Beach 5 |
BOTTOM OF THE 9TH |
Myrtle Beach Seahawks batting - Pitching for Kennesaw Jets : RHP Dan Miller
|
Pitching: LHP Arturo Montáñez
|
|
Now at 1B: Jesús Valdés
|
|
Now in RF: Christopher Pabst
|
|
Batting: RHB César Villarreal
|
0-0: Ground out 1-3 (Groundball, 13)
|
Pinch Hitting: RHB Manuel Rodríguez
|
0-0: Ball 1-0: Ground out 5-3 (Groundball, 56)
|
Batting: RHB Juan Báez
|
0-0: Ball 1-0: Ball 2-0: Called Strike 2-1: Ground out 5-3 (Groundball, 56S)
|
Bottom of the 9th over - 0 run(s), 0 hit(s), 0 error(s), 0 left on base; Kennesaw 6 - Myrtle Beach 5 |
|